[Event "2nd Doppelbauer Kiel GM 2022"]
[Site "Kiel"]
[Date "2022.07.03"]
[Round "7.3"]
[White "Teclaf, Pawel"]
[Black "Horvath, Dominik"]
[Result "1/2-1/2"]
[ECO "C81"]
[WhiteElo "2537"]
[BlackElo "2482"]
[Annotator "TA"]
[PlyCount "53"]
[EventDate "2022.06.30"]
[EventType "tourn"]
[EventCountry "GER"]
[SourceTitle "playchess.com"]
[Source "ChessBase"]
[SourceQuality "1"]
[TimeControl "40/5400+30:1800+30"]

1. e4 e5 2. Nf3 Nc6 3. Bb5 a6 4. Ba4 Nf6 5. O-O Nxe4 6. d4 b5 7. Bb3 d5 8. dxe5 Be6 9. Qe2 Be7 10. Rd1 O-O 11. c4 bxc4 12. Bxc4 Bc5 13. Be3 Bxe3 14. Qxe3 Qb8 15. Bb3 $1 Na5 {[%emt 0:00:13] C81: Open Ruy Lopez: Keres Variation (9 Qe2).} 16. Nd4 c5 17. Nxe6 fxe6 18. f3 c4 (18... Qxe5 $2 19. fxe4 Qxb2 20. Nd2 $18) (18... Nxb3 $2 19. axb3 Ng5 20. Qxg5 $18) 19. fxe4 {[%emt 0:00:00] [#] Black did not feel at home in the position after the opening.  Weighted Error Value: White=0.00 (flawless) /Black=0.04 (flawless)} {Predecessor:} cxb3 $146 20. exd5 bxa2 21. Rxa2 Nc4 22. Qd4 Qb3 23. Nc3 Rac8 24. dxe6 Nxb2 25. Rb1 Qxc3 26. Qxc3 Rxc3 27. Raxb2 {½-½ (48) Niemann,H (2642)-Sevian,S (2684) Saint Louis 2022} 1/2-1/2

[Event "2nd Doppelbauer Kiel GM 2022"]
[Site "Kiel"]
[Date "2022.07.03"]
[Round "7.4"]
[White "Farokhi, Keyvan"]
[Black "Bogner, Sebastian"]
[Result "0-1"]
[ECO "E62"]
[WhiteElo "2360"]
[BlackElo "2553"]
[Annotator "TA"]
[PlyCount "92"]
[EventDate "2022.06.30"]
[EventType "tourn"]
[EventCountry "GER"]
[SourceTitle "playchess.com"]
[Source "ChessBase"]
[SourceQuality "1"]
[TimeControl "40/5400+30:1800+30"]

1. Nf3 Nf6 2. c4 g6 3. d4 Bg7 4. g3 O-O 5. Bg2 d6 6. Nc3 Nc6 7. Bf4 Bf5 8. O-O {[%emt 0:07:15] 8.Rc1 is setting a new trend.} (8. d5 $5 Nb4 9. Nd4 $11) 8... Ne4 {[%emt 0:00:59] E62: King's Indian: Fianchetto: 6...c6 and Panno Variation (6...Nc6) without ...a6.} 9. Nxe4 Bxe4 10. d5 Na5 {[%emt 0:05:51] The position is equal.} 11. Qa4 c5 (11... b6 $11) 12. Bd2 b6 {[%emt 0:01:03] [#]} 13. Nh4 $146 (13. Bh3 $14) ({Predecessor:} 13. b3 e6 14. dxe6 fxe6 15. Rad1 Bb2 16. Ng5 Bxg2 17. Kxg2 Qe7 18. Nf3 Rad8 19. Bxa5 bxa5 {1-0 (29) Caruana,F (2835)-Safin,R (2287) Chess.com INT 2020}) 13... Bxg2 $11 14. Nxg2 Bxb2 15. Rab1 Bf6 16. Bxa5 bxa5 17. Rb7 Rb8 18. Rfb1 Rxb7 19. Rxb7 Qc8 $36 {[%emt 0:00:10][%mdl 2048] Black has some pressure.} 20. Rb3 ({White should play} 20. Qb3 $11) 20... Qg4 $15 21. Nf4 Qf5 22. Qxa5 (22. Rb7 $17) 22... Qc2 $19 23. Qxa7 Qxc4 24. Rf3 (24. Rb8 $142) 24... Qc1+ 25. Kg2 c4 26. a4 c3 27. a5 c2 28. Nd3 Qd2 {[%emt 0:01:20] White must now prevent ...Rc8.} 29. Qc7 {[%emt 0:01:29] Against Rc8} Qxe2 30. a6 $2 (30. Nb4) 30... Qe4 {[%emt 0:07:52] And now ...g5 would win.} 31. Qxc2 {[%emt 0:09:15] [#]} g5 $1 {[%emt 0:00:33] ...g4 is the strong threat.} (31... Qxd5 32. Nb4 Qb5 33. Qe4 $11) 32. h3 {[%emt 0:00:15] [#]} h5 {[%emt 0:00:23] Prevents g4. Strongly threatening ...g4.} (32... Qxd5 33. Nb4 Qd4 34. Nc6 $14) 33. g4 ({Avoid the trap} 33. Qd1 $2 g4 34. Nf4 (34. hxg4 $2 hxg4 35. Nf4 Ra8 $19) 34... gxf3+ $19) 33... hxg4 34. hxg4 Qxg4+ 35. Rg3 Qe4+ 36. f3 Qxd5 37. Nf4 (37. Rg4 $142) 37... Qc5 (37... Qa5 $19 38. Nh3 (38. Rh3 $2 Rb8 $19) 38... Ra8 39. Nxg5 Bxg5) 38. Qd3 $2 {[%emt 0:05:19][%mdl 8192] White does not recover from this.} (38. Qxc5 $17 {only move.} dxc5 39. Nd3) 38... Rb8 39. Nd5 $2 (39. Ne2 $19) 39... Rb2+ {[%emt 0:00:32] Black mates.} 40. Kh3 Qc8+ 41. Rg4 Qc1 42. Nxf6+ exf6 43. Rd4 Qh1+ 44. Kg4 Rg2+ 45. Kf5 Qh3+ 46. Kxf6 Qe6# {[%emt 0:00:39] Weighted Error Value: White=0.54/Black=0.18 (very precise)} 0-1

[Event "2nd Doppelbauer Kiel GM 2022"]
[Site "Kiel"]
[Date "2022.07.03"]
[Round "7.5"]
[White "Meshkovs, Nikita"]
[Black "Ernst, Sipke"]
[Result "1/2-1/2"]
[ECO "D30"]
[WhiteElo "2553"]
[BlackElo "2547"]
[Annotator "TA"]
[PlyCount "135"]
[EventDate "2022.06.30"]
[EventType "tourn"]
[EventCountry "GER"]
[SourceTitle "playchess.com"]
[Source "ChessBase"]
[SourceQuality "1"]
[TimeControl "40/5400+30:1800+30"]

1. c4 e6 2. d4 d5 3. Nf3 a6 4. Bg5 Be7 5. Bxe7 Qxe7 6. Nbd2 {[%emt 0:00:53] D30: Queen's Gambit Declined: Systems without Nc3.} Nf6 7. e3 Nc6 8. Qb3 {[%emt 0:05:48] White is slightly better.} O-O 9. Rc1 Rd8 {[%emt 0:01:29] [#]} 10. cxd5 $146 ({Predecessor:} 10. Be2 e5 11. cxd5 Nxd5 12. Nxe5 Nxe5 13. dxe5 Be6 14. Qa4 b5 15. Qe4 Nb6 16. Qc2 {0-1 (43) Franco Alonso,A (2434)-Grandelius,N (2644) Linares 2017}) 10... exd5 11. Bd3 Ne4 12. O-O g5 (12... a5 $11) 13. Qa3 {[%emt 0:07:42] aiming for Qxe7.} (13. Bb1 {is more complex.} Rd6 14. Bxe4 dxe4 15. Nxg5 Qxg5 16. Nxe4 Qb5 17. Qxb5 axb5 18. d5) 13... Qxa3 14. bxa3 Nxd2 15. Nxd2 Rd7 16. Rc3 Ne7 17. a4 c6 18. a5 Rc7 $1 19. f4 gxf4 20. Rxf4 Be6 21. Nb3 Rd8 22. Nc5 Bc8 23. Rb3 $36 {[%emt 0:09:45][%mdl 2048] White is really pushing. 0x0.00222d3c3ccadp-1022s more active pieces. The black rooks are badly placed.} Ng6 24. Rf2 Re8 25. Bf5 $1 Bxf5 26. Rxf5 Ree7 27. Rf2 f5 (27... h5 $16 {was called for.} 28. g3 h4) 28. Rxf5 Nf8 29. Re5 {[%emt 0:01:09] Against Ne6} Rxe5 30. dxe5 $18 {[%emt 0:00:02][%mdl 4096] Endgame KRN-KRN} Nd7 (30... Ng6 $142) 31. Ne6 (31. Nxb7 Kf7 $16) (31. Rxb7 Rxb7 32. Nxb7 Nxe5 $16) 31... Rc8 32. Rxb7 Nxe5 33. Rg7+ Kh8 34. Ra7 Re8 35. Nc5 Nc4 36. Rxa6 Rxe3 37. Ra8+ (37. Rxc6 Nxa5 38. Rd6 Ra3 $16) 37... Kg7 38. a4 {[%emt 0:00:04] Strongly threatening a6.} d4 (38... Ra3 $16 {was necessary.} 39. Kf2 (39. a6 Nb6 $16) 39... Nb2) 39. a6 Re5 $2 {[%emt 0:00:00] [#]} (39... d3) 40. a7 $1 Nb6 {[%emt 0:00:00] [#]} 41. Nd7 $1 Nxd7 {[%emt 0:27:20] [#]} 42. Rg8+ $3 {[%emt 0:07:20][%mdl 576] Decoy, Clearance, Promotion} Kxg8 43. a8=Q+ {[%emt 0:00:03] KQ-KRN} Kf7 44. Qxc6 Nc5 45. Kf1 {[%emt 0:00:00] And now a5 would win.} Ke7 46. Qc7+ Ke6 47. a5 ({Don't take} 47. Qxh7 d3 48. Qg8+ Kd7 49. Qg7+ Kd6 50. Qf8+ Kd5 $18) 47... d3 48. Qc8+ ({Much less strong is} 48. Qxh7 Kd5 49. Qh4 Re4 50. Qg5+ Kc4 51. Qc1+ Kb4 $18) 48... Kd6 49. Qb8+ Ke6 {[%emt 0:00:00] [#]} 50. Qg8+ $1 Kd6 51. Qxh7 $2 ({White should try} 51. Qf8+ $18 Kd7 52. Qf2) 51... Kd5 $1 $11 52. Qh4 Re6 53. Qf4 {[%emt 0:00:10] Threatens to win with h4.} Ne4 54. Qf7 {[%emt 0:02:37] Black must now prevent a6.} Nc5 55. a6 {[%emt 0:02:11] White wants to mate with a7.} d2 56. Qf3+ Kd4 {[%emt 0:02:03] ( -> ...Re1+)} 57. a7 Re1+ 58. Kf2 Ne4+ $1 59. Qxe4+ Kxe4 (59... Rxe4 $2 60. a8=Q Re1 61. Qd8+ Kc3 62. Qc7+ Kb4 63. Qf4+ Kc3 64. Qf6+ Kc4 65. Qc6+ Kb4 66. Qb7+ Kc4 67. Qf7+ Kd4 68. Qg7+ Kc4 69. Qg4+ Kc3 70. Qg3+ Kd4 71. Qh4+ Kc3 72. Qh3+ Kd4 73. Qh4+ Kc3 74. Qg3+ Kc4 75. Qf4+ Kc3 76. Qc7+ Kb4 77. Qd6+ Kc3 78. Qg3+ $18) 60. a8=Q+ {[%emt 0:00:02] KQ-KR} Kd3 61. Qd5+ Kc2 $2 (61... Kc3 $11 62. h4 Rh1) 62. Qc4+ $18 Kb2 {[%emt 0:00:00] [#]} 63. g4 $2 (63. Qd3 $1 $18 d1=Q 64. Qb5+ Kc3 65. Qa5+ Kc4 66. Qxe1 Qd4+ 67. Qe3 Qf6+ 68. Ke2) 63... Rc1 $11 {[%emt 0:00:00] The position is equal.} 64. Qb4+ Kc2 65. Qa4+ Kc3 $1 66. Qa3+ Kc2 67. Qa2+ Kc3 68. Qa3+ {[%emt 0:00:33] Weighted Error Value: White=0.26 (precise) /Black=0.14 (very precise)} 1/2-1/2

[Event "2nd Doppelbauer Kiel GM 2022"]
[Site "Kiel"]
[Date "2022.07.04"]
[Round "8.1"]
[White "Parvanyan, Ashot"]
[Black "Ernst, Sipke"]
[Result "1/2-1/2"]
[ECO "D11"]
[WhiteElo "2455"]
[BlackElo "2547"]
[Annotator "TA"]
[PlyCount "65"]
[EventDate "2022.06.30"]
[EventType "tourn"]
[EventCountry "GER"]
[SourceTitle "playchess.com"]
[Source "ChessBase"]
[SourceQuality "1"]
[TimeControl "40/5400+30:1800+30"]

1. Nf3 d5 2. d4 Nf6 3. c4 c6 4. g3 Bf5 5. Nc3 e6 6. Nh4 {[%emt 0:00:12] D11: Slav Defence: 3 Nf3 sidelines and 3...Nf6 4 e3 Bg4.} dxc4 7. Nxf5 exf5 8. e3 {[%emt 0:00:02] The position is equal.} Nbd7 9. Bxc4 {[%emt 0:00:07] Strongly threatening Qb3.} Nb6 10. Bb3 Qd7 11. O-O h5 {[%emt 0:00:07] [#]} 12. e4 $146 ({Predecessor:} 12. Qf3 h4 13. e4 hxg3 14. hxg3 fxe4 15. Nxe4 Nxe4 16. Qxe4+ Be7 17. Re1 Kf8 18. Bf4 {½-½ (31) Bjerre,J (2559)-Andersen,M (2577) Svendborg 2020}) 12... fxe4 13. Re1 O-O-O 14. Nxe4 Nxe4 (14... h4 $5 ) 15. Rxe4 h4 16. Bg5 ({Much worse is} 16. gxh4 Nd5 $11) 16... hxg3 17. fxg3 {[%emt 0:13:29] aiming for Qe2.} Re8 (17... Qf5 $11 18. Re5 Qh7 19. Qg4+ Kb8) 18. Rxe8+ $16 Qxe8 19. Qg4+ Kb8 20. Qf4+ Ka8 {[%emt 0:00:06] White must now prevent ...f6.} 21. Qxf7 {[%emt 0:01:23] White is more active.} (21. Bxf7 $16 Qe2 22. Qf2 Qxf2+ 23. Kxf2) 21... Qe2 $14 22. h4 {[%emt 0:03:40] Threatens to win with Rf1.} Bd6 $1 23. Qf2 Qg4 24. Kg2 Rf8 (24... Re8 $1 $11 25. Bd1 Qe6) 25. Qe3 $16 Nd5 26. Bxd5 cxd5 27. Rc1 a6 28. b3 Ka7 29. a4 (29. Qd3 $1 $14) 29... Ka8 ({Better is} 29... Re8 $11 30. Qxe8 Qxg3+ 31. Kf1 Qf3+ 32. Kg1 Qg3+ 33. Kf1 Qf3+ 34. Kg1 Qg3+ 35. Kf1) 30. Re1 (30. Qd3 $14) 30... Bc7 {[%emt 0:10:20] [#]} (30... Rc8 $11 {keeps the balance.} 31. Rf1 Rc2+ 32. Rf2 Rxf2+ 33. Qxf2 (33. Kxf2 Qf5+ 34. Bf4 Bxf4 $11) 33... Qe4+ 34. Kh2 Ka7) 31. Rc1 (31. Qd3 $1 $16) 31... Bd6 $11 32. Re1 (32. Ra1 $11) 32... Bc7 $16 {[%emt 0:01:32] [#]} 33. Rc1 {[%emt 0:00:03] Weighted Error Value: White=0.21 (precise) /Black=0.21 (precise)} (33. Qd3 $1 $16) 1/2-1/2

[Event "2nd Doppelbauer Kiel GM 2022"]
[Site "Kiel"]
[Date "2022.07.04"]
[Round "8.2"]
[White "Bogner, Sebastian"]
[Black "Meshkovs, Nikita"]
[Result "1/2-1/2"]
[ECO "B30"]
[WhiteElo "2553"]
[BlackElo "2553"]
[Annotator "TA"]
[PlyCount "76"]
[EventDate "2022.06.30"]
[EventType "tourn"]
[EventCountry "GER"]
[SourceTitle "playchess.com"]
[Source "ChessBase"]
[SourceQuality "1"]
[TimeControl "40/5400+30:1800+30"]

1. e4 c5 2. Nf3 Nc6 3. Nc3 Nf6 4. Bb5 Nd4 5. e5 Nxb5 6. Nxb5 Nd5 7. Ng5 f5 {[%emt 0:18:43] is the legacy move (7...f6).} 8. O-O {[%emt 0:09:59] B30: Sicilian: 2...Nc6 3 Bb5, lines without ...g6.} Nc7 {[%emt 0:05:44] [#]} 9. Nxc7+ $146 ({Predecessor:} 9. a4 a6 10. Nc3 e6 11. d4 cxd4 12. Qxd4 d6 13. exd6 Qxd6 14. Qh4 Qb4 15. Bf4 Bd6 {1-0 (42) Gharamian,T (2656)-Cherniaev,A (2434) London 2013}) 9... Qxc7 10. e6 {[%emt 0:00:07] White is slightly better.} g6 11. d4 Bg7 12. dxc5 (12. Qf3 $5 ) 12... dxe6 13. Qe2 Qxc5 14. Nxe6 Bxe6 15. Qxe6 Qc6 16. Qb3 O-O-O 17. Bg5 Rd7 18. Rad1 Rc7 19. c3 h6 20. Be3 b6 $1 21. Rd5 e6 22. Rd3 Rd8 23. Rxd8+ Kxd8 24. a4 Rd7 25. Re1 e5 ({Black should play} 25... Ke8 $11) 26. f3 ({Better is} 26. a5 $1 $14) 26... Qd5 $1 $11 27. c4 Qd3 28. Qb4 Ke8 29. c5 bxc5 30. Qxc5 Kf7 31. b4 Bf8 32. Qb5 ({Don't blunder} 32. Qxe5 $2 Bxb4 33. Bxh6 Bxe1 34. Qg7+ Ke6 35. Qxg6+ Kd5 $19) 32... Qxb5 33. axb5 $15 {[%emt 0:00:02][%mdl 4096] Endgame KRB-KRB} Rd5 (33... Bxb4 $15 34. Rb1 (34. Ra1 f4 $15) 34... Be7) 34. Ra1 $11 {[%emt 0:00:03] The position is equal.} Rxb5 35. Rxa7+ Ke6 36. Ra6+ Kf7 37. Ra7+ Ke6 38. Ra6+ Kf7 {[%emt 0:00:06] Weighted Error Value: White=0.09 (flawless) /Black=0.11 (very precise)} 1/2-1/2

[Event "2nd Doppelbauer Kiel GM 2022"]
[Site "Kiel"]
[Date "2022.07.04"]
[Round "8.3"]
[White "Horvath, Dominik"]
[Black "Farokhi, Keyvan"]
[Result "1/2-1/2"]
[ECO "D37"]
[WhiteElo "2482"]
[BlackElo "2360"]
[Annotator "TA"]
[PlyCount "67"]
[EventDate "2022.06.30"]
[EventType "tourn"]
[EventCountry "GER"]
[SourceTitle "playchess.com"]
[Source "ChessBase"]
[SourceQuality "1"]
[TimeControl "40/5400+30:1800+30"]

1. Nf3 Nf6 2. c4 e6 3. Nc3 d5 4. d4 h6 5. e3 Bd6 6. b3 {[%emt 0:02:18] D37: Queen's Gambit Declined: 5 Bf4.} c6 7. Bb2 Nbd7 8. Bd3 {[%emt 0:08:47] White has an edge.} O-O 9. O-O {[%emt 0:00:03] [#]} Qe7 $146 ({Predecessor:} 9... Re8 10. Ne2 Ne4 11. Qc2 f5 12. Nf4 Ndf6 13. Nd2 Bxf4 14. exf4 Bd7 15. f3 Nd6 {0-1 (27) Montiel Caceres,H (1403)-Vergara Aquino,J Encarnacion 2019}) 10. Re1 e5 {[%emt 0:08:17] [#] aiming for ...e4.} 11. Nh4 g6 {[%emt 0:11:25] Prevents Nf5.} 12. cxd5 Nxd5 13. Nxd5 cxd5 (13... Qxh4 {feels hotter.} 14. Nc3 f5 15. Bc4+ Kh7) 14. dxe5 $1 Bxe5 15. Bxe5 Nxe5 16. Nf3 Bg4 17. Be2 {[%emt 0:00:08] Hoping for Nxe5.} Bxf3 18. Bxf3 Nxf3+ 19. Qxf3 Rfd8 20. Red1 Qe4 21. Qf6 Qe6 22. Qh4 h5 23. Rac1 Rdc8 $1 24. Qd4 Rxc1 $1 25. Rxc1 Rc8 $1 26. Rxc8+ Qxc8 $11 {[%emt 0:00:02][%mdl 4096] Endgame KQ-KQ} 27. g3 Qf5 28. Kg2 b6 29. h3 Qe4+ 30. Qxe4 dxe4 31. g4 h4 32. f3 {[%emt 0:03:51][%cal Bf2f3,Bf3f4,Bf4g5][%mdl 32] The position is equal.} g5 33. f4 f6 34. fxg5 {[%emt 0:00:04] Weighted Error Value: White=0.06 (flawless) /Black=0.04 (flawless)} 1/2-1/2

[Event "2nd Doppelbauer Kiel GM 2022"]
[Site "Kiel"]
[Date "2022.07.04"]
[Round "8.4"]
[White "Rosner, Jonas"]
[Black "Teclaf, Pawel"]
[Result "1/2-1/2"]
[ECO "D11"]
[WhiteElo "2469"]
[BlackElo "2537"]
[Annotator "ChessBase"]
[PlyCount "106"]
[EventDate "2022.06.30"]
[EventType "tourn"]
[EventCountry "GER"]
[SourceTitle "playchess.com"]
[Source "ChessBase"]
[SourceQuality "1"]
[TimeControl "40/5400+30:1800+30"]

1. d4 Nf6 2. Nf3 d5 3. c4 c6 4. e3 Bg4 5. Qb3 Qb6 6. Ne5 e6 7. Nxg4 Nxg4 8. Nc3 Nd7 9. Be2 Ngf6 10. O-O Be7 11. Bd2 O-O 12. Rfd1 Rac8 13. Be1 Rfe8 14. Rac1 Bf8 15. Qxb6 axb6 16. a4 dxc4 17. Bxc4 Bb4 18. Kf1 Red8 19. f3 e5 20. d5 Nc5 21. e4 cxd5 22. exd5 Kf8 23. b3 Ne8 24. Bg3 Nxb3 25. Bxb3 Bxc3 26. Bf2 Ba5 27. Bg3 Rxc1 28. Rxc1 f6 29. Ke2 Nd6 30. Bf2 Ke7 31. g4 Rc8 32. Rxc8 Nxc8 33. Kd3 Kd6 34. h4 Ne7 35. h5 Nxd5 36. Ke4 Ne7 37. Be3 g6 38. h6 f5+ 39. Kd3 Nd5 40. g5 Bb4 41. Bc1 Be1 42. Ba3+ Kc6 43. Bc4 Bh4 44. Bc1 Bg3 45. Bb5+ Kc7 46. Bc4 Ne7 47. Bf7 Kd7 48. Bd2 Bh4 49. f4 e4+ 50. Ke3 Kc6 51. Ke2 Bg3 52. Be3 Nd5 53. Bxg6 Nxf4+ 1/2-1/2

[Event "2nd Doppelbauer Kiel GM 2022"]
[Site "Kiel"]
[Date "2022.07.04"]
[Round "8.5"]
[White "Pajeken, Jakob Leon"]
[Black "Hacker, Jonas"]
[Result "1-0"]
[ECO "E04"]
[WhiteElo "2398"]
[BlackElo "2396"]
[Annotator "TA"]
[PlyCount "125"]
[EventDate "2022.06.30"]
[EventType "tourn"]
[EventCountry "GER"]
[SourceTitle "playchess.com"]
[Source "ChessBase"]
[SourceQuality "1"]
[TimeControl "40/5400+30:1800+30"]

1. d4 Nf6 2. Nf3 d5 3. c4 e6 4. g3 dxc4 5. Bg2 a6 6. O-O Nc6 7. e3 Bd7 8. Qe2 {[%emt 0:00:09] E04: Open Catalan: 5 Nf3.} Bd6 {[%emt 0:02:33] is now more promising than 8...b5.} 9. Qxc4 O-O 10. Nbd2 {[%emt 0:00:17] White is slightly better.} Rb8 11. b3 e5 12. Bb2 Qe7 13. dxe5 (13. Nxe5 {is interesting.} Nxe5 14. dxe5 Bxe5 15. Bxe5 Qxe5 16. Nf3) 13... Nxe5 14. Bxe5 Bxe5 15. Nxe5 Qxe5 16. Nf3 Qa5 17. b4 Qb6 {[%emt 0:02:55] [#]} 18. Nd4 $146 ({Predecessor:} 18. a4 c6 19. Nd4 Rbc8 20. Rfd1 Rfe8 21. Rac1 Rcd8 22. a5 Qc7 23. Rd3 h6 24. Qc3 {½-½ (59) Kuster,Z (2204)-Ivanovic,Z (2287) ICCF email 2017}) 18... Bb5 19. Nxb5 axb5 20. Qb3 Rbd8 21. a4 bxa4 22. Qxa4 Rd6 23. Qa7 Qxb4 24. Rab1 (24. Bxb7 c6 $14) 24... Ra6 25. Qxb7 ({Much weaker is} 25. Bxb7 $6 Rxa7 26. Rxb4 Rb8 $11) 25... Qxb7 26. Rxb7 Ne8 27. Rc1 Re6 28. Bc6 Re7 29. Ba4 h5 30. Kg2 g6 31. Kf3 Kg7 32. h4 Kg8 33. Ra7 Kg7 34. Ke2 Kg8 35. Rc5 Kg7 36. Rc4 Kg8 37. Rc6 Kg7 38. Rc3 Kg8 39. Kd3 Kg7 40. Rc4 Kg8 41. Rc5 Kg7 42. Rc6 Rd7+ 43. Ke2 {[%emt 0:00:41][%cal Oc6g6] Black must now prevent Rxg6+!} Re7 $1 44. Kf3 Re5 45. Rc4 Re7 46. Rc2 Kg8 47. Ke2 Kg7 48. Rc3 Kg8 $1 49. Rc5 Kg7 $1 50. Bc2 Kg8 51. f3 Kg7 52. Bd3 (52. e4 $16) 52... Kg8 ({Black should try} 52... f5 $14) 53. e4 $16 Kg7 54. f4 Kg8 55. Kf3 Kg7 56. Bc2 {[%emt 0:02:14] White is more active.} Kg8 57. e5 (57. Bb3 $142) 57... Kg7 58. Ba4 Kg8 59. Rc3 (59. Bb3 $142) 59... Kg7 (59... Ng7 $16) 60. Ra8 (60. Rc6 $18) 60... Kg8 $2 (60... c5 $16 61. Rxc5 Nc7 62. Rxf8 Kxf8) 61. Rd3 $18 {[%emt 0:00:00] [#] aiming for Rdd8. White is clearly winning.} c6 62. Rdd8 Re6 63. Rac8 {[%emt 0:00:00] Weighted Error Value: White=0.13 (very precise) /Black=0.22 (precise)} 1-0

[Event "2nd Doppelbauer Kiel GM 2022"]
[Site "Kiel"]
[Date "2022.07.05"]
[Round "9.1"]
[White "Hacker, Jonas"]
[Black "Parvanyan, Ashot"]
[Result "1/2-1/2"]
[ECO "C54"]
[WhiteElo "2396"]
[BlackElo "2455"]
[Annotator "TA"]
[PlyCount "77"]
[EventDate "2022.06.30"]
[EventType "tourn"]
[EventCountry "GER"]
[SourceTitle "playchess.com"]
[Source "ChessBase"]
[SourceQuality "1"]
[TimeControl "40/5400+30:1800+30"]

1. e4 e5 2. Nf3 Nc6 3. Bc4 Bc5 4. c3 Nf6 5. d4 exd4 6. e5 d5 7. Bb5 Ne4 8. cxd4 Bb6 9. Nc3 O-O 10. Be3 {[%emt 0:00:17] C54: Giuoco Piano: 4 c3 Nf6, main lines with 5 d4 and 5 d3.} Bg4 11. h3 Bh5 12. Qc2 Bg6 {[%emt 0:00:00] [#] ...Nxc3 is the strong threat. 12...Nxc3 is the modern continuation.} 13. Qb3 Ne7 14. O-O c6 15. Bd3 Nd2 16. Nxd2 Bxd3 17. Rfe1 Ng6 18. Na4 Bf5 {[%emt 0:00:00] [#]} 19. Nf3 $146 ({Predecessor:} 19. Rac1 f6 20. Nf3 Be4 21. Nd2 Bf5 22. Nc5 fxe5 23. Nxb7 Qf6 24. dxe5 Nxe5 25. Nc5 Bxc5 26. Bxc5 {0-1 (40) Robson,R (2681)-Aronian,L (2785) Saint Louis 2022}) 19... Ba5 {[%emt 0:00:00] This bishop pair is nice.} 20. Rec1 Rb8 (20... Qc8 $5 ) 21. Bg5 f6 22. exf6 gxf6 23. Bh4 Bc7 (23... Nf4 {is interesting.} 24. Qe3 Bc7 25. Ne5 Ne6) 24. Bg3 Bxg3 25. fxg3 Qd6 26. Nd2 b6 27. Qf3 Bd7 {[%emt 0:00:00] [#] Threatens to win with ...Qb4.} 28. Nc3 Rbe8 29. a3 {[%emt 0:03:03] Against Qb4} f5 30. Re1 f4 {[%emt 0:00:00] Hoping for ...Rxe1+.} 31. Rxe8 Rxe8 {[%emt 0:00:00] The position is equal.} 32. g4 Re3 33. Qf2 Qe7 34. Nf3 Bc8 35. Re1 Ba6 36. Nd1 Re4 37. Nc3 Re3 38. Nd1 Re4 39. Nc3 {[%emt 0:00:38] A balanced but interesting game.  Weighted Error Value: White=0.04 (flawless) /Black=0.04 (flawless)} 1/2-1/2

[Event "2nd Doppelbauer Kiel GM 2022"]
[Site "Kiel"]
[Date "2022.07.05"]
[Round "9.2"]
[White "Teclaf, Pawel"]
[Black "Pajeken, Jakob Leon"]
[Result "1-0"]
[ECO "A13"]
[WhiteElo "2537"]
[BlackElo "2398"]
[Annotator "TA"]
[PlyCount "63"]
[EventDate "2022.06.30"]
[EventType "tourn"]
[EventCountry "GER"]
[SourceTitle "playchess.com"]
[Source "ChessBase"]
[SourceQuality "1"]
[TimeControl "40/5400+30:1800+30"]

1. c4 e6 2. g3 d5 3. Bg2 Nf6 4. Nf3 d4 5. O-O c5 6. e3 Nc6 7. exd4 cxd4 8. d3 h6 {[%emt 0:01:17] A13: English Opening: 1...e6.} 9. Bf4 Bd6 10. Bxd6 Qxd6 {[%emt 0:00:08] White is slightly better.} 11. Re1 O-O 12. Na3 Rd8 {[%emt 0:05:05] [#]} 13. Rc1 $146 ({Predecessor:} 13. Nc2 a5 14. b3 e5 15. Nd2 Bg4 16. Qc1 Bf5 17. Ne4 Bxe4 18. Bxe4 Nxe4 19. Rxe4 {0-1 (28) Zboril,J (1953)-Freisler,P (2240) Czech Republic 2018}) 13... Qc5 14. Nc2 a5 15. a3 a4 16. Qd2 Bd7 17. Nb4 Re8 18. Re2 e5 (18... Rac8 $11) 19. Rce1 $16 e4 20. dxe4 {[%emt 0:00:24] Strongly threatening e5.} Bg4 21. Nxc6 bxc6 22. e5 Nd7 23. Qf4 Bxf3 24. Bxf3 Qxc4 {[%emt 0:07:34] [#]} (24... d3 $142 25. Re3 (25. e6 fxe6 26. Rd2 Ra5 $16) 25... Re7) 25. Rc1 $1 {[%emt 0:02:53] White is more active.} Qd3 26. Rd2 Qb3 27. Bxc6 Rac8 28. Rxd4 Nxe5 {[%emt 0:02:24] [#]} (28... g5 $142 29. Qe4 (29. Bxd7 $2 gxf4 30. Bxc8 Qxb2 $19) (29. Qd2 Rxc6 30. Rxc6 Nxe5 $16) 29... Rxe5) 29. Bxe8 ({Less strong is} 29. Bxa4 Rxc1+ 30. Qxc1 Qb7 $14) (29. Bd5 $1 $18 {aiming for Rxc8.} Rxc1+ 30. Qxc1) 29... Rxc1+ 30. Kg2 Ng6 $2 31. Qxc1 $18 Ne5 32. Qf4 {[%emt 0:04:49] Weighted Error Value: White=0.13 (very precise) /Black=0.19 (very precise)} 1-0